 Dungeon Crawl Stone Soup version 0.30-a0-241-g1121274140 (webtiles) character file.

Game seed: 16593591884132402233

219 qw the Chopper (level 5, -1/33 HPs)
             Began as a Gargoyle Fighter on Oct 10, 2022.
             Slain by Pikel
             ... wielding a +2 whip of freezing
              (2 damage)
             ... on level 4 of the Dungeon.
             The game lasted 00:01:02 (2128 turns).

qw the Chopper (Gargoyle Fighter)                   Turns: 2128, Time: 00:01:02

Health: -1/33      AC: 14    Str: 21    XL:     5   Next: 96%
Magic:  5/5        EV:  7    Int:  9    God:
Gold:   75         SH:  4    Dex:  9    Spells: 4/4 levels left

rFire   . . .      SeeInvis .    Y - +5 war axe
rCold   . . .      Faith    .    c - +0 buckler
rNeg    + . .      Spirit   .    g - +0 chain mail
rPois   inf        Reflect  .    a - +0 helmet
rElec   +          Harm     .    (no cloak)
rCorr   .          Rampage  .    (no gloves)
Will    .....                    (no boots)
Stlth   ..........               (no amulet)
HPRegen 0.25/turn                (no ring)
MPRegen 0.09/turn                (no ring)

@: no status effects
A: sickness immunity, AC +4, negative energy resistance 1, electricity
resistance, torment resistance 1, petrification resistance
a: no special abilities


You were on level 4 of the Dungeon.
You visited 1 branch of the dungeon, and saw 4 of its levels.

You collected 114 gold pieces.
You spent 39 gold pieces at shops.


Innate Abilities, Weirdness & Mutations

You are immune to sickness and miasma.
Your stone body is resilient. (AC +4)
You are immune to poison.
You resist negative energy. (rN+)
You are resistant to electric shocks. (rElec)
You are resistant to unholy torment.
You are immune to petrification.


   Skills:
 - Level 4.0 Fighting
 + Level 5.1 Axes
 - Level 3.2 Armour
 - Level 3.2 Shields


You had 4 spell levels left.
You didn't know any spells.
Your spell library was empty.

Inventory:

Hand Weapons
 h - a +1 whip of flaming
 Y - a +5 war axe (weapon)
Armour
 a - a +0 helmet (worn)
 c - a +0 buckler (worn)
 g - a +0 chain mail (worn)
Jewellery
 k - an amulet of faith
Scrolls
 b - a scroll of identify
Potions
 d - a potion of might
 f - a potion of mutation {unknown}
 i - 3 potions of attraction
 j - a potion of lignification {unknown}
 l - 3 potions of curing
 p - a potion of degeneration {unknown}

Dungeon Overview and Level Annotations

Branches:
Dungeon (4/15)
 Temple: D:4-7

Altars:

Shops:
D:1 !

Annotations:
D:4 Grinder, Pikel


Message History

The lemure hits you. x2; Pikel hits you but does no damage.
You closely miss the lemure.
The lemure is severely wounded.
You hit the lemure. You closely miss Pikel. You hit Grinder.
You closely miss the lemure. The lemure barely misses you.
The lemure hits you but does no damage. The lemure closely misses you.
Grinder hits you but does no damage.
Pikel hits you with a +2 whip of freezing.
Pikel freezes you.
You hit the lemure.
The lemure is almost dead.
You hit Pikel but do no damage. You barely miss Grinder. You hit the lemure. x2
Grinder says, "DUCK!"
Grinder gestures at you.
You barely resist. The lemure closely misses you.
The lemure hits you but does no damage. Pikel barely misses you.
You block the lemure's attack. Grinder hits you but does no damage.
The lemure hits you but does no damage. x2
You barely miss the lemure.
The lemure is almost dead.
You completely miss the lemure. You hit Pikel. You barely miss Grinder.
You slash the lemure! You block the lemure's attack. The lemure hits you.
Grinder hits you but does no damage. The lemure hits you but does no damage.
You barely miss the lemure.
The lemure is almost dead.
You hit Pikel but do no damage. You slash Grinder! You closely miss the lemure.
You slash the lemure! You block the lemure's attack. Grinder barely misses you.
The lemure hits you but does no damage. You block the lemure's attack.
Pikel barely misses you.
You closely miss the lemure.
The lemure is almost dead.
You barely miss Grinder. You barely miss the lemure. You slash the lemure!
You slash Pikel! Grinder hits you but does no damage.
The lemure hits you but does no damage. The lemure closely misses you.
Pikel hits you with a +2 whip of freezing!
Pikel freezes you.
You die...

..........#
##...........
#...........####
............ ..####
.........5.##.....#
....lh.5........#
..K5J###K5.....#
5##55##.........
#K@#..........
##.55..........
#................
...##.#...........
.#..##.#...........
...................
.#..#..............
.......##..........
...............(.>.


You could see Pikel, Grinder, 4 lemures, an iguana, a hound, an endoplasm and a
kobold.

Vanquished Creatures
  2 orc priests (D:3)
  Jessica (D:2)
  Robin (D:2)
  4 adders
  A worm (D:3)
  A dart slug (D:2)
  7 orcs
  3 bats
  7 endoplasms
  A giant cockroach (D:3)
  14 goblins
  6 hobgoblins
  5 jackals (D:1)
  3 kobolds
  3 quokkas
  3 ball pythons
  6 frilled lizards
  5 rats
73 creatures vanquished.

Notes
Turn   | Place    | Note
-------+----------+-------------------------------------------
     0 | D:1      | qw the Gargoyle Fighter began the quest for the Orb.
     0 | D:1      | Reached XP level 1. HP: 14/14 MP: 1/1
     0 | D:1      | 0 ||| qw: Version: 0.2-a-17-g06abaee
     0 | D:1      | 0 ||| qw: Game counter: 2367
     0 | D:1      | 0 ||| qw: Always use a shield: true
     0 | D:1      | 0 ||| qw: God list: Okawaru
     0 | D:1      | 0 ||| qw: Allow faded altars: false
     0 | D:1      | 0 ||| qw: Do Orc after D:15 true
     0 | D:1      | 0 ||| qw: Do second Lair branch before Depths: true
     0 | D:1      | 0 ||| qw: Lair rune preference: random
     0 | D:1      | 0 ||| qw: Plans: Normal, Zot:1-4, God:TSO, Crypt, Tomb,
                  | Pan, Slime:5, Hells, Abyss, Orb
     0 | D:1      | 0 ||| PLANNING D:1-11
    62 | D:1      | Reached skill level 2 in Axes
   147 | D:1      | Reached XP level 2. HP: 17/19 MP: 2/2
   238 | D:1      | 238 ||| DROPPING +0 club.
   405 | D:1      | Found Geirair's Distillery.
   434 | D:1      | 434 ||| SHOPLISTING 2 potions of attraction (78 gold, have
                  | 43).
   434 | D:1      | 434 ||| BUYING potion of attraction (39 gold).
   434 | D:1      | Bought a potion of attraction for 39 gold pieces
   434 | D:1      | 434 ||| SHOPLISTING potion of curing (39 gold, have 4).
   434 | D:1      | 434 ||| SHOPLISTING potion of lignification (39 gold, have
                  | 4).
   434 | D:1      | 434 ||| SHOPLISTING potion of might (52 gold, have 4).
   434 | D:1      | 434 ||| SHOPLISTING potion of mutation (104 gold, have 4).
   545 | D:1      | Reached skill level 3 in Axes
   575 | D:1      | Reached XP level 3. HP: 23/23 MP: 3/3
   623 | D:1      | 623 ||| READING 2 scrolls labelled OJIPIU QOANT.
   624 | D:1      | 624 ||| READING scroll of enchant weapon.
   624 | D:1      | 624 ||| ENCHANTING +1 war axe.
   727 | D:2      | 727 ||| UPGRADING to +0 chain mail.
   737 | D:2      | 737 ||| DROPPING +0 scale mail.
   738 | D:2      | 738 ||| READING scroll labelled HILEBUFFEN.
   739 | D:2      | 739 ||| READING scroll labelled WASEEC KOL.
   744 | D:2      | 744 ||| STAIRDANCE
   767 | D:2      | 767 ||| READING 3 scrolls of enchant weapon.
   767 | D:2      | 767 ||| ENCHANTING +2 war axe.
   768 | D:2      | 768 ||| READING 2 scrolls of enchant weapon.
   768 | D:2      | 768 ||| ENCHANTING +3 war axe.
   769 | D:2      | 769 ||| READING scroll of enchant weapon.
   769 | D:2      | 769 ||| ENCHANTING +4 war axe.
   822 | D:2      | Noticed Jessica
   824 | D:2      | Killed Jessica
   853 | D:2      | 853 ||| Stepping ~*~*~tactically~*~*~ (stealth).
   859 | D:2      | Reached XP level 4. HP: 28/28 MP: 4/4
   861 | D:2      | 861 ||| READING scroll labelled DAOGIQ QEWNIXT.
   968 | D:2      | 968 ||| FLEEEEING.
   968 | D:2      | Noticed Robin
   969 | D:2      | 969 ||| STAIRDANCE
   973 | D:2      | 973 ||| STAIRDANCE
   986 | D:2      | 986 ||| STAIRDANCE
   992 | D:1      | Reached skill level 4 in Axes
  1051 | D:2      | 1051 ||| STAIRDANCE
  1057 | D:2      | 1057 ||| STAIRDANCE
  1088 | D:2      | Killed Robin
  1292 | D:2      | 1292 ||| UPGRADING to +0 helmet.
  1297 | D:2      | 1297 ||| READING scroll labelled DECWAL DELEH.
  1298 | D:2      | 1298 ||| READING 2 scrolls of identify.
  1298 | D:2      | 1298 ||| IDENTIFYING emerald potion
  1332 | D:3      | 1332 ||| Stepping ~*~*~tactically~*~*~ (stealth).
  1357 | D:3      | Reached XP level 5. HP: 29/32 MP: 5/5
  1376 | D:3      | 1376 ||| Stepping ~*~*~tactically~*~*~ (stealth).
  1393 | D:3      | 1393 ||| Stepping ~*~*~tactically~*~*~ (hiding).
  1401 | D:3      | Reached skill level 5 in Axes
  1419 | D:3      | 1419 ||| FLEEEEING.
  1420 | D:3      | 1420 ||| FLEEEEING.
  1421 | D:3      | 1421 ||| FLEEEEING.
  1423 | D:3      | 1423 ||| FLEEEEING.
  1425 | D:3      | 1425 ||| FLEEEEING.
  1426 | D:3      | 1426 ||| FLEEEEING.
  1431 | D:3      | 1431 ||| FLEEEEING.
  1432 | D:3      | 1432 ||| FLEEEEING.
  1433 | D:3      | 1433 ||| FLEEEEING.
  1434 | D:3      | 1434 ||| FLEEEEING.
  1435 | D:3      | 1435 ||| FLEEEEING.
  1436 | D:3      | 1436 ||| FLEEEEING.
  1437 | D:3      | 1437 ||| FLEEEEING.
  1443 | D:3      | 1443 ||| Stepping ~*~*~tactically~*~*~ (stealth).
  1943 | D:3      | 1943 ||| READING scroll labelled SIOSU YNEO.
  1947 | D:3      | 1947 ||| READING scroll labelled GONIYCZUPIKH.
  1948 | D:3      | 1948 ||| DRINKING 3 bubbling amethyst potions.
  2053 | D:3      | 2053 ||| DRINKING 4 green potions.
  2054 | D:3      | 2054 ||| DRINKING 3 blue potions.
  2055 | D:3      | 2055 ||| DROPPING 2 potions of berserk rage.
  2056 | D:3      | 2056 ||| DROPPING 2 potions of brilliance.
  2074 | D:4      | 2074 ||| STAIRDANCE
  2106 | D:4      | Noticed a lemure
  2106 | D:4      | Noticed a lemure
  2109 | D:4      | Noticed Grinder
  2110 | D:4      | 2110 ||| Stepping ~*~*~tactically~*~*~ (hiding).
  2111 | D:4      | 2111 ||| FLEEEEING.
  2112 | D:4      | 2112 ||| FLEEEEING.
  2113 | D:4      | 2113 ||| FLEEEEING.
  2113 | D:4      | Noticed a lemure
  2115 | D:4      | Noticed a lemure
  2115 | D:4      | Paralysed by Grinder for 5 turns
  2116 | D:4      | Noticed Pikel
  2122 | D:4      | HP: 7/33 [Pikel/+2 whip of freezing (5)]
  2123 | D:4      | 2123 ||| DRINKING potion of heal wounds.
  2128 | D:4      | HP: 1/33 [Pikel/+2 whip of freezing (7)]
  2128 | D:4      | Slain by Pikel

Levels and vault maps discovered:
D:1:      spicycebolla_arrival_ecumenical, layout_basic, serial_shops, shop,
          ebering_dispersal_statue_hall
D:2:      layout_basic, uniq_robin, uniq_jessica
D:3:      layout_rooms, chequers_serial_rivers_marsh, minmay_cut_off
D:4:      layout_rooms, hangedman_abyss_or_decor_jellyfish_corner,
          interstate_on_off, uniq_grinder, uniq_pikel

Skill      XL: |  1  2  3  4  5 |
---------------+----------------+-----
Axes           | 2 3 4 5 |  5.1
Fighting       | 4 |  4.0
Armour         | |  3.2
Shields        | |  3.2

Action                   |  1- 3 |  4- 6 || total
-------------------------+-------+-------++-------
Melee: War axe           |    63 |    79 ||   142
  Use: Scroll            |     7 |     5 ||    12
       Potion            |       |     4 ||     4
Armor: Scale mail        |    36 |       ||    36
       Chain mail        |     1 |    67 ||    68
Dodge: Dodged            |    22 |    43 ||    65
Block: Buckler           |     9 |    29 ||    38

Table legend:
 A = Non-vault XP
 B = Vault XP
 C = Vault XP percentage of total XP
 D = Non-vault monster count
 E = Vault monster count
 F = Vault count percentage of total count
                 A         B        C        D         E       F
            +---------+---------+-------+---------+---------+-------
      Total |     235 |      79 |  25.2 |      57 |      16 |  21.9
            +---------+---------+-------+---------+---------+-------
        D:1 |      36 |      21 |  36.8 |      21 |      11 |  34.4
        D:2 |      28 |      55 |  66.3 |      10 |       3 |  23.1
        D:3 |     159 |       3 |   1.9 |      21 |       2 |   8.7
        D:4 |      12 |       0 |   0.0 |       5 |       0 |   0.0
            +---------+---------+-------+---------+---------+-------
